 Dungeon Crawl Stone Soup version 0.21-a0-630-g344d351 (webtiles) character file.

165 Firecrotchwizard the Skirmisher (level 5, 0/47 HPs)
             Began as a Minotaur Abyssal Knight on Dec 26, 2017.
             Was a Believer of Lugonu.
             Slain by Maruxus's ghost (3 damage)
             ... on level 3 of the Dungeon.
             The game lasted 00:05:53 (3511 turns).

Firecrotchwizard the Skirmisher (MiAK)              Turns: 3511, Time: 00:05:54

Health: 0/47       AC: 14    Str: 16    XL:     5   Next: 21%
Magic:  6/6        EV:  5    Int:  9    God:    Lugonu [**....]
Gold:   196        SH:  5    Dex: 11    Spells: 4/4 levels left

rFire    . . .     SeeInvis .   a - +1 mace
rCold    . . .     Gourm    .   i - +2 buckler
rNeg     + . .     Faith    +   v - +0 plate armour
rPois    .         Spirit   .   (helmet restricted)
rElec    .         Reflect  .   (no cloak)
rCorr    .         Harm     .   (no gloves)
MR       .....                  (no boots)
Stlth    ..........             k - amulet of faith {Faith, !P}
HPRegen  0.15/turn              l - +3 ring of protection
MPRegen  0.10/turn              u - ring of positive energy {rN+}

@: no status effects
A: retaliatory headbutt, horns 2
a: Depart the Abyss, Bend Space, Renounce Religion


You were on level 3 of the Dungeon.
You worshipped Lugonu.
Lugonu was pleased with you.
You were not hungry.

You visited 1 branch of the dungeon, and saw 4 of its levels.
You visited the Abyss 1 time.

You collected 196 gold pieces.

Inventory:

Hand Weapons
 a - a +1 mace (weapon)
Armour
 g - a +1 chain mail
   (You found it on level 1 of the Dungeon)
 i - a +2 buckler (worn)
   (You found it on level 2 of the Dungeon)
 v - a +0 plate armour (worn)
   (You found it on level 4 of the Dungeon)
Jewellery
 f - an uncursed ring of protection from cold {rC+, !d}
   (You found it on level 2 of the Dungeon)
 k - an amulet of faith (around neck) {Faith, !P}
   (You found it on level 1 of the Dungeon)
 l - a +3 ring of protection (left hand)
   (You found it on level 1 of the Dungeon)
 u - a ring of positive energy (right hand) {rN+}
   (You found it on level 3 of the Dungeon)
Scrolls
 e - a scroll of enchant armour
 h - 2 scrolls of remove curse
 q - 3 scrolls of identify
 t - a scroll of teleportation {unknown}
Potions
 b - 3 potions of berserk rage {unknown}
 d - a potion of brilliance {unknown}
 j - a potion of cancellation {unknown}
 m - 2 potions of flight {unknown}
 n - a potion of agility {unknown}
 o - 2 potions of ambrosia {unknown}
 r - 2 potions of heal wounds {unknown}
 s - a potion of degeneration {unknown}
Comestibles
 c - 4 rations {@e1}
 p - a chunk of flesh {@w0}


   Skills:
 + Level 4.3 Fighting
 * Level 4.0 Maces & Flails
 + Level 3.3 Armour
 + Level 2.2 Dodging
 + Level 1.5 Shields
 + Level 2.6 Invocations


You had 4 spell levels left.
You didn't know any spells.

Dungeon Overview and Level Annotations

Branches:
Dungeon (4/15)
 Temple: D:4-7

Altars:
Sif Muna
Wu Jian

Annotations:
D:3 Maruxus's ghost, amateur DrGl
D:4 Johnnytightlips's ghost, amateur TrBe


Innate Abilities, Weirdness & Mutations

You reflexively headbutt those who attack you in melee.
You have a pair of horns on your head.


Message History

Lugonu accepts your kill.
No target in view!
You see here a plate armour.
v - a plate armour You start removing your armour.
You continue taking off your +1 chain mail. x4
Johnnytightlips's ghost turns its malevolent gaze towards you.
You finish taking off your +1 chain mail.
Johnnytightlips's ghost is nearby!
There is an escape hatch in the ceiling here.
A mysterious force pulls you upwards. The hatch slams shut behind you.
Level annotation: Maruxus's ghost, amateur DrGl Keep equipping yourself?
You stop putting on your armour.
Maruxus's ghost turns its malevolent gaze towards you.
You see here a club.
There is a stone staircase leading down here.
You climb downwards.
Level annotation: Johnnytightlips's ghost, amateur TrBe
There is a stone staircase leading up here.
Johnnytightlips's ghost hits you.
You take 3 damage, and have 44/47 hp.
Johnnytightlips's ghost closely misses you.
You furiously retaliate!
You headbutt Johnnytightlips's ghost, but do no damage.
Johnnytightlips's ghost completely misses you.
You furiously retaliate!
You headbutt Johnnytightlips's ghost.
You block Johnnytightlips's ghost's attack.
There is an escape hatch in the ceiling here.
You block Johnnytightlips's ghost's attack.
A mysterious force pulls you upwards. The hatch slams shut behind you.
Level annotation: Maruxus's ghost, amateur DrGl You start putting on your armour.
You continue putting on your plate armour. x4
You finish putting on your +0 plate armour.
(D) Dungeon
Where to? (Enter - D:3 @ (x,y), ? - help) Health restored: 47 Maruxus's ghost says, "It's not the size of the blade that matters, it's how you use it."
You miss Maruxus's ghost.
You headbutt Maruxus's ghost, but do no damage.
Maruxus's ghost hits you but does no damage.
You miss Maruxus's ghost. Your headbutt misses Maruxus's ghost.
Maruxus's ghost hits you but does no damage.
You closely miss Maruxus's ghost. Your headbutt misses Maruxus's ghost.
Maruxus's ghost hits you but does no damage.
You hit Maruxus's ghost but do no damage.
Maruxus's ghost hits you but does no damage.
You miss Maruxus's ghost. You headbutt Maruxus's ghost.
You block Maruxus's ghost's attack.
Maruxus's ghost hits you but does no damage.
You barely miss Maruxus's ghost. Maruxus's ghost hits you.
You take 4 damage, and have 43/47 hp.
You hit Maruxus's ghost but do no damage.
Maruxus's ghost hits you but does no damage.
You closely miss Maruxus's ghost. Maruxus's ghost hits you!
You take 7 damage, and have 36/47 hp.
You hit Maruxus's ghost. You headbutt Maruxus's ghost.
Maruxus's ghost hits you but does no damage.
Maruxus's ghost hits you!
You take 8 damage, and have 28/47 hp.
You hit Maruxus's ghost. Maruxus's ghost hits you.
You take 1 damage, and have 27/47 hp.
You hit Maruxus's ghost but do no damage.
Your headbutt misses Maruxus's ghost. Maruxus's ghost hits you!
You take 8 damage, and have 19/47 hp.
You are too injured to fight recklessly!
You are too injured to fight recklessly!
You are too injured to fight recklessly!
You barely miss Maruxus's ghost. Your headbutt misses Maruxus's ghost.
Maruxus's ghost hits you!
* * * LOW HITPOINT WARNING * * *
You take 6 damage, and have 13/47 hp.
You closely miss Maruxus's ghost.
Maruxus's ghost hits you but does no damage.
You hit Maruxus's ghost. You block Maruxus's ghost's attack.
Maruxus's ghost hits you.
* * * LOW HITPOINT WARNING * * *
You take 2 damage, and have 11/47 hp.
You barely miss Maruxus's ghost. Your headbutt misses Maruxus's ghost.
Maruxus's ghost hits you but does no damage.
You hit Maruxus's ghost but do no damage.
Maruxus's ghost hits you.
* * * LOW HITPOINT WARNING * * *
You take 2 damage, and have 9/47 hp.
You hit Maruxus's ghost.
You headbutt Maruxus's ghost, but do no damage.
Maruxus's ghost barely misses you.
You hit Maruxus's ghost. Your headbutt misses Maruxus's ghost.
Maruxus's ghost hits you.
* * * LOW HITPOINT WARNING * * *
You take 2 damage, and have 8/47 hp.
You closely miss Maruxus's ghost. Your headbutt misses Maruxus's ghost.
Maruxus's ghost hits you but does no damage.
Maruxus's ghost hits you.
* * * LOW HITPOINT WARNING * * *
You take 5 damage, and have 3/47 hp.
You hit Maruxus's ghost. You block Maruxus's ghost's attack.
You miss Maruxus's ghost. Maruxus's ghost hits you.
You die...

...............##.###.####.##....
.#####..#.##.#.##.# #.# #.##....
.# ##.####.#..#.# #.# #.##...≈ .#
#.## #.##.#.# #.# #.##.... .##
#..###.##...# #.# #.###..≈
..######.##.#.##..# #.# #.# #.#P
...........###.#..# #?# #.# #.##
..######..## ##...###.# #.###.#
########..# ##@.....# #.##..#
#.........## ##W#..#### #.##.##
#.#######..###.)##.## #.##.#
...)..# #...#.#.##..# #.##.#
#.#.#.# #..#.##.###.# #.##.#
#.#.#.# #..#.##.# #.# #.##.#
......# #..#.##.###.### #.##.#
..#.#.####.#.##>......# #.##.#
..#..........######.#.# #.##.#


You could see Maruxus's ghost.

Vanquished Creatures
  A howler monkey (D:4)
  Natasha (twice) (D:3)
  2 adders (D:4)
  A worm (D:3)
  2 dart slugs
  A leopard gecko (D:2)
  An orc (D:4)
  3 giant cockroaches (D:3)
  4 goblins
  7 hobgoblins
  4 jackals (D:1)
  A ball python (D:3)
  3 bats
  4 frilled lizards
  6 kobolds
  10 rats
52 creatures vanquished.

Notes
Turn   | Place    | Note
-------+----------+-------------------------------------------
     0 | Abyss:1  | Firecrotchwizard the Minotaur Abyssal Knight began the quest for the Orb.
     0 | Abyss:1  | Reached XP level 1. HP: 19/19 MP: 1/1
    85 | Abyss:1  | Noticed a large abomination
    85 | D:1      | Escaped the Abyss
   338 | D:1      | Reached skill level 2 in Invocations
   338 | D:1      | Reached XP level 2. HP: 19/27 MP: 2/2
   586 | D:1      | Reached * piety under Lugonu
   881 | D:1      | Reached skill level 3 in Maces & Flails
   997 | D:2      | Reached XP level 3. HP: 33/33 MP: 3/3
  1146 | D:2      | Found a faded altar of an unknown god.
  1346 | D:2      | Reached skill level 4 in Fighting
  1665 | D:3      | Noticed Maruxus's ghost (amateur DrGl)
  2502 | D:3      | Noticed Natasha
  2511 | D:3      | Killed Natasha
  2511 | D:3      | Reached skill level 3 in Armour
  2511 | D:3      | Reached skill level 1 in Shields
  2511 | D:3      | Reached XP level 4. HP: 29/40 MP: 4/4
  2595 | D:3      | Found an ornate altar of the Wu Jian Council.
  2595 | D:3      | Found a deep blue altar of Sif Muna.
  2927 | D:4      | Reached skill level 2 in Dodging
  3002 | D:4      | Noticed Johnnytightlips's ghost (amateur TrBe)
  3021 | D:4      | Reached ** piety under Lugonu
  3021 | D:4      | Reached XP level 5. HP: 43/46 MP: 5/5
  3275 | D:3      | Noticed Natasha
  3290 | D:3      | Killed Natasha
  3290 | D:3      | Reached skill level 4 in Maces & Flails
  3504 | D:3      | HP: 11/47 [Maruxus's ghost (2)]
  3509 | D:3      | HP: 3/47 [Maruxus's ghost (5)]
  3511 | D:3      | Slain by Maruxus's ghost

Vault maps used:
D:1:      eino_arrival_tree_alley
D:2:      chequers_ecumenical_altar_island, first_ration
D:3:      gammafunk_temple_overflow_wave, nicolae_overflow_hidden_temple,
          serial_bayou, serial_bayou_shore_b, serial_bayou_pond_d,
          serial_bayou_pond_c, serial_bayou_shore_b, serial_bayou_pond_a,
          serial_bayou_pond_e, minmay_misc_feat_rows, uniq_natasha

Skill      XL: |  1  2  3  4  5 |
---------------+----------------+-----
Invocations    | 2 |  2.6
Maces & Flails | 3 4 |  4.0
Fighting       | 4 |  4.3
Armour         | 3 |  3.3
Shields        | 1 |  1.5
Dodging        | 2 |  2.2

Action                   |  1- 3 |  4- 6 || total
-------------------------+-------+-------++-------
Melee: Mace              |   119 |    54 ||   173
       Headbutt          |    10 |    12 ||    22
Invok: Depart the Abyss  |     1 |       ||     1
  Use: Scroll            |     6 |       ||     6
  Eat: Chunk             |     5 |     3 ||     8
Armor: Leather armour    |     6 |       ||     6
       Chain mail        |    63 |    17 ||    80
       Plate armour      |       |    10 ||    10
Dodge: Dodged            |    34 |     7 ||    41
Block: Buckler           |    13 |    13 ||    26

Table legend:
 A = Spawn XP
 B = Non-spawn XP
 C = Spawn XP percentage of total XP
 D = Spawn monster count
 E = Non-spawn monster count
 F = Spawn count percentage of total count
 G = Total turns spent on level
                    A         B        C        D         E        F      G
               +---------+---------+-------+---------+---------+-------+---------
         Total |       0 |     236 |   0.0 |       0 |      52 |   0.0 |  3511
               +---------+---------+-------+---------+---------+-------+---------
           D:1 |       0 |      36 |   0.0 |       0 |      22 |   0.0 |   811
           D:2 |       0 |      16 |   0.0 |       0 |      10 |   0.0 |   941
           D:3 |       0 |      97 |   0.0 |       0 |      15 |   0.0 |  1341
           D:4 |       0 |      87 |   0.0 |       0 |       5 |   0.0 |   333
               +---------+---------+-------+---------+---------+-------+---------

Vault maps used:
D:1:      eino_arrival_tree_alley
D:2:      chequers_ecumenical_altar_island, first_ration
D:3:      gammafunk_temple_overflow_wave, nicolae_overflow_hidden_temple,
          serial_bayou, serial_bayou_shore_b, serial_bayou_pond_d,
          serial_bayou_pond_c, serial_bayou_shore_b, serial_bayou_pond_a,
          serial_bayou_pond_e, minmay_misc_feat_rows, uniq_natasha

Table legend:
 A = Turns spent in this place as a percentage of turns spent in the entire game.
 B = Non-inter-level travel turns spent in this place as a percentage of non-inter-level travel turns spent in the entire game.
 C = Inter-level travel turns spent in this place as a percentage of turns spent in this place.
 D = Turns resting spent in this place as a percentage of non-inter-level travel turns spent in this place.
 E = Turns spent auto-exploring this place as a percentage of non-inter-level travel turns spent in this place.
 F = Non-inter-level travel turns spent in this place divided by the number of levels of this place that you've seen.
                   A       B       C       D       E      F
               +-------+-------+-------+-------+-------+----------------------
         Total | 100.0 | 100.0 |   5.3 |  27.8 |  56.2 | 665.2
       Dungeon |  97.6 |  97.4 |   5.4 |  28.5 |  55.1 | 810.2
         Abyss |   2.4 |   2.6 |   0.0 |   0.0 |  98.8 |  85.0
               +-------+-------+-------+-------+-------+----------------------

Table legend:
 A = Kills in this place as a percentage of kills in entire the game.
 B = Kills by you in this place as a percentage of kills by you in the entire game.
 C = Kills by friends in this place as a percentage of kills by friends in the entire game.
 D = Other kills in this place as a percentage of other kills in the entire game.
 E = Experience gained in this place as a percentage of experience gained in the entire game.
 F = Experience gained in this place divided by the number of levels of this place that you have seen.
                   A       B       C       D       E      F
               +-------+-------+-------+-------+-------+----------------------
         Total | 100.0 | 100.0 |   N/A |   N/A | 100.0 |  47.2
       Dungeon | 100.0 | 100.0 |   N/A |   N/A | 100.0 |  59.0
               +-------+-------+-------+-------+-------+----------------------
